| TOP OF THE 1ST |
|
San Diego (APP) Padres batting - Pitching for Bristol Pirates : RHP Jason Kaufman
|
|
Pitching: RHP Jason Kaufman
|
|
|
Batting: RHB Elias Vences
|
0-0: SINGLE (Groundball, 34D, EV 108.8 MPH)
|
|
Batting: RHB Victor Contreras
|
0-0: Called Strike Elias Vences steals 2nd base (no throw) 0-1: Swinging Strike 0-2: Ball 1-2: Ball 2-2: Ground out 6-3 (Groundball, 6, EV 86.9 MPH) Elias Vences to third
|
|
Batting: RHB Yuusei Narita
|
0-0: Foul Ball, location: 2F 0-1: Ground out 5-3 (Groundball, 5, EV 104.4 MPH)
|
|
Batting: RHB Devon Dill
|
0-0: Ball 1-0: Fly out, F7 (Flyball, 7, EV 89.4 MPH)
|
| Top of the 1st over - 0 runs, 1 hit, 0 errors, 1 left on base; San Diego (APP) 0 - Bristol 0 |
| BOTTOM OF THE 1ST |
|
Bristol Pirates batting - Pitching for San Diego (APP) Padres : LHP David French
|
|
Pitching: LHP David French
|
|
|
Batting: RHB Melvin Durland
|
0-0: Ball 1-0: Foul Ball, location: 2F 1-1: Swinging Strike 1-2: Strikes out swinging
|
|
Batting: SHB Ronnie Brooks
|
0-0: Called Strike 0-1: Ball 1-1: SINGLE (Groundball, 56D, EV 95.0 MPH)
|
|
Batting: LHB Josh Aerni
|
0-0: Foul Ball, location: 2F 0-1: Ball 1-1: Foul Ball, location: 2F 1-2: Foul Ball, location: 2F 1-2: SINGLE (Groundball, 56D, EV 97.5 MPH) Ronnie Brooks to second
|
|
Batting: RHB Ricky Alvarado
|
0-0: Reached on error, E6 (Groundball, 6, EV 79.4 MPH) Ronnie Brooks to third Josh Aerni to second
|
|
Batting: RHB Steve Terres
|
0-0: Called Strike 0-1: Ball 1-1: Ball 2-1: Ball 3-1: Grounds into double play, 4-6-3 (Groundball, 34, EV 75.6 MPH)
|
| Bottom of the 1st over - 0 runs, 2 hits, 1 error, 2 left on base; San Diego (APP) 0 - Bristol 0 |
| TOP OF THE 2ND |
|
San Diego (APP) Padres batting - Pitching for Bristol Pirates : RHP Jason Kaufman
|
|
Batting: LHB Justin Daley
|
0-0: DOUBLE (Groundball, 3L, EV 97.5 MPH)
|
|
Batting: RHB Alex Collazo
|
0-0: Foul Ball, location: 2F 0-1: SINGLE (Flyball, 34D, EV 93.1 MPH) Justin Daley to third
|
|
Batting: LHB Ramon Padilla
|
0-0: Called Strike Alex Collazo steals 2nd base 0-1: Ball 1-1: Called Strike 1-2: Foul Ball, location: 2F 1-2: Foul Ball, location: 2F 1-2: Hit by Pitch
|
|
Batting: LHB Lu-po-teh Zhou
|
0-0: SINGLE (Groundball, 6MD, EV 98.1 MPH) Justin Daley scores Alex Collazo to third Ramon Padilla to second
|
|
Batting: SHB Yu-hsui Lew
|
0-0: Ball 1-0: Called Strike 1-1: Foul Ball, location: 2F 1-2: Foul Ball, location: 2F 1-2: Foul Ball, location: 2F 1-2: Foul Ball, location: 2F 1-2: Fielders Choice at 2nd, 4-6 (Groundball, 4, EV 101.9 MPH) Alex Collazo scores Ramon Padilla to third
|
|
Batting: RHB Elias Vences
|
0-0: Ball Yu-hsui Lew steals 2nd, throwing error, E2 Ramon Padilla scores Yu-hsui Lew to third 1-0: Ball 2-0: Fly out, F7 (Flyball, 78S, EV 88.1 MPH)
|
|
Batting: RHB Victor Contreras
|
0-0: Called Strike 0-1: Ball 1-1: Ball 2-1: SINGLE (Groundball, 56S, EV 72.5 MPH) (infield hit) Yu-hsui Lew scores
|
|
Batting: RHB Yuusei Narita
|
0-0: Fielders Choice at 2nd, 5-4 (Groundball, 56, EV 84.4 MPH)
|
| Top of the 2nd over - 4 runs, 4 hits, 1 error, 1 left on base; San Diego (APP) 4 - Bristol 0 |
| BOTTOM OF THE 2ND |
|
Bristol Pirates batting - Pitching for San Diego (APP) Padres : LHP David French
|
|
Batting: RHB Rusty Trader
|
0-0: Ball 1-0: Swinging Strike 1-1: Swinging Strike 1-2: Strikes out looking
|
|
Batting: RHB Ryan LeSueur
|
0-0: Ball 1-0: Called Strike 1-1: Ball 2-1: Fly out, F8 (Flyball, 8LD, EV 91.2 MPH)
|
|
Batting: SHB Don Hauk
|
0-0: Called Strike 0-1: Swinging Strike 0-2: Ball 1-2: TRIPLE (Flyball, 9LD, EV 113.8 MPH)
|
|
Batting: RHB Chris Arroyo
|
0-0: Called Strike 0-1: Swinging Strike 0-2: Strikes out swinging
|
| Bottom of the 2nd over - 0 runs, 1 hit, 0 errors, 1 left on base; San Diego (APP) 4 - Bristol 0 |
| TOP OF THE 3RD |
|
San Diego (APP) Padres batting - Pitching for Bristol Pirates : RHP Jason Kaufman
|
|
Batting: RHB Devon Dill
|
0-0: Ball 1-0: Foul Ball, location: 2F 1-1: Called Strike 1-2: Ball 2-2: Ball 3-2: Base on Balls
|
|
Batting: LHB Justin Daley
|
0-0: Ball 1-0: Called Strike 1-1: Ball 2-1: Ball 3-1: Foul Ball, location: 2F 3-2: Base on Balls Devon Dill to second
|
|
Batting: RHB Alex Collazo
|
0-0: Called Strike 0-1: Foul Ball, location: 2F 0-2: Strikes out swinging
|
|
Batting: LHB Ramon Padilla
|
0-0: Called Strike 0-1: Ball 1-1: Ball 2-1: Ball 3-1: Foul Ball, location: 2F 3-2: Foul Ball, location: 2F 3-2: Foul Ball, location: 2F 3-2: 3-RUN HOME RUN (Flyball, 89XD, EV 104.4 MPH), Distance : 392 ft
|
|
Batting: LHB Lu-po-teh Zhou
|
0-0: Called Strike 0-1: Foul Ball, location: 2F 0-2: Ground out 4-3 (Groundball, 4S, EV 90.0 MPH)
|
|
Batting: SHB Yu-hsui Lew
|
0-0: Called Strike 0-1: Ball 1-1: Foul Ball, location: 2F 1-2: Strikes out swinging
|
| Top of the 3rd over - 3 runs, 1 hit, 0 errors, 0 left on base; San Diego (APP) 7 - Bristol 0 |
| BOTTOM OF THE 3RD |
|
Bristol Pirates batting - Pitching for San Diego (APP) Padres : LHP David French
|
|
Batting: RHB Melvin Durland
|
0-0: Foul Ball, location: 2F 0-1: Ball 1-1: Ball 2-1: Ground out 6-3 (Groundball, 6, EV 102.5 MPH)
|
|
Batting: SHB Ronnie Brooks
|
0-0: Foul Ball, location: 2F 0-1: Foul Ball, location: 2F 0-2: Ball 1-2: Foul Ball, location: 2F 1-2: DOUBLE (Line Drive, 3D, EV 95.0 MPH)
|
|
Batting: LHB Josh Aerni
|
0-0: Ball 1-0: Called Strike 1-1: Foul Ball, location: 2F 1-2: Foul Ball, location: 2F 1-2: Strikes out swinging
|
|
Batting: RHB Ricky Alvarado
|
0-0: Ball 1-0: Foul Ball, location: 2F 1-1: Swinging Strike 1-2: Strikes out swinging
|
| Bottom of the 3rd over - 0 runs, 1 hit, 0 errors, 1 left on base; San Diego (APP) 7 - Bristol 0 |
| TOP OF THE 4TH |
|
San Diego (APP) Padres batting - Pitching for Bristol Pirates : RHP Jason Kaufman
|
|
Batting: RHB Elias Vences
|
0-0: Ball 1-0: Called Strike 1-1: Ball 2-1: Foul Ball, location: 2F 2-2: Ball 3-2: DOUBLE (Line Drive, 8LXD, EV 107.5 MPH)
|
|
Pitching: RHP Randy Nelligan
|
|
|
Batting: RHB Victor Contreras
|
0-0: Ball 1-0: Ball 2-0: Called Strike 2-1: Ball 3-1: Base on Balls
|
|
Batting: RHB Yuusei Narita
|
0-0: Ball 1-0: Ball 2-0: Foul Ball, location: 2F 2-1: Called Strike 2-2: Ball 3-2: Foul Ball, location: 2F 3-2: Strikes out swinging
|
|
Batting: RHB Devon Dill
|
0-0: Foul Ball, location: 2F 0-1: Ball 1-1: Called Strike 1-2: Ball 2-2: Foul Ball, location: 2F 2-2: Ball 3-2: Foul Ball, location: 2F 3-2: Fielders Choice at 2nd, 4-6 (Groundball, 4, EV 81.2 MPH) Elias Vences to third
|
|
Batting: LHB Justin Daley
|
0-0: Ball 1-0: Ball 2-0: Called Strike Balk! Elias Vences scores Devon Dill to second 2-1: Fly out, F7 (Line Drive, 78M, EV 92.5 MPH)
|
| Top of the 4th over - 1 run, 1 hit, 0 errors, 1 left on base; San Diego (APP) 8 - Bristol 0 |
| BOTTOM OF THE 4TH |
|
Bristol Pirates batting - Pitching for San Diego (APP) Padres : LHP David French
|
|
Batting: RHB Steve Terres
|
0-0: DOUBLE (Line Drive, 7LM, EV 88.8 MPH)
|
|
Batting: RHB Rusty Trader
|
0-0: Called Strike 0-1: Ball 1-1: Fly out, F2 (Popup, 3SF, EV 80.0 MPH)
|
|
Batting: RHB Ryan LeSueur
|
0-0: Called Strike 0-1: Ground out 6-3 (Groundball, 6S, EV 68.1 MPH) Steve Terres to third
|
|
Batting: SHB Don Hauk
|
0-0: Ball 1-0: Ground out 5-3 (Groundball, 25, EV 86.9 MPH)
|
| Bottom of the 4th over - 0 runs, 1 hit, 0 errors, 1 left on base; San Diego (APP) 8 - Bristol 0 |
| TOP OF THE 5TH |
|
San Diego (APP) Padres batting - Pitching for Bristol Pirates : RHP Randy Nelligan
|
|
Batting: RHB Alex Collazo
|
0-0: Called Strike 0-1: Foul Ball, location: 2F 0-2: Strikes out swinging
|
|
Batting: LHB Ramon Padilla
|
0-0: Called Strike 0-1: Swinging Strike 0-2: Ball 1-2: Strikes out swinging
|
|
Batting: LHB Lu-po-teh Zhou
|
0-0: Called Strike 0-1: Called Strike 0-2: Ball 1-2: Strikes out swinging, 2-3 out at first.
|
| Top of the 5th over - 0 runs, 0 hits, 0 errors, 0 left on base; San Diego (APP) 8 - Bristol 0 |
| BOTTOM OF THE 5TH |
|
Bristol Pirates batting - Pitching for San Diego (APP) Padres : LHP David French
|
|
Batting: RHB Chris Arroyo
|
0-0: Swinging Strike 0-1: Foul Ball, location: 2F 0-2: Strikes out swinging
|
|
Batting: RHB Melvin Durland
|
0-0: Ball 1-0: Called Strike 1-1: Ball 2-1: Ball 3-1: Base on Balls
|
|
Batting: SHB Ronnie Brooks
|
0-0: Ball Wild Pitch! Melvin Durland to second 1-0: Called Strike 1-1: Foul Ball, location: 2F 1-2: Ground out 6-3 (Groundball, 56D, EV 105.0 MPH)
|
|
Batting: LHB Josh Aerni
|
0-0: Swinging Strike 0-1: Called Strike 0-2: Foul Ball, location: 2F 0-2: Ball 1-2: Foul Ball, location: 2F 1-2: Ball 2-2: Foul Ball, location: 2F 2-2: Foul Ball, location: 2F 2-2: 2-RUN HOME RUN (Flyball, 7LD, EV 90.0 MPH), Distance : 338 ft
|
|
Batting: RHB Ricky Alvarado
|
0-0: Ball 1-0: Swinging Strike 1-1: Ball 2-1: Foul Ball, location: 2F 2-2: Strikes out swinging
|
| Bottom of the 5th over - 2 runs, 1 hit, 0 errors, 0 left on base; San Diego (APP) 8 - Bristol 2 |
| TOP OF THE 6TH |
|
San Diego (APP) Padres batting - Pitching for Bristol Pirates : RHP Randy Nelligan
|
|
Pitching: LHP Adam Clarke
|
|
|
Batting: SHB Yu-hsui Lew
|
0-0: Ball 1-0: Ball 2-0: Foul Ball, location: 2F 2-1: Foul Ball, location: 2F 2-2: Ball 3-2: Foul Ball, location: 2F 3-2: Foul Ball, location: 2F 3-2: Base on Balls
|
|
Batting: RHB Elias Vences
|
0-0: Foul Ball, location: 2F 0-1: Foul Ball, location: 2F 0-2: Ball 1-2: Foul Ball, location: 2F 1-2: Ball 2-2: Fly out, F6 (Popup, 6, EV 68.1 MPH)
|
|
Batting: RHB Victor Contreras
|
0-0: Ground out 6-3 (Groundball, 6S, EV 68.1 MPH) Yu-hsui Lew to second
|
|
Batting: RHB Yuusei Narita
|
0-0: Called Strike 0-1: Ball 1-1: SINGLE (Line Drive, 7S, EV 89.4 MPH) Yu-hsui Lew to third Runner from 3rd tries for Home, throw by LF and OUT! 7-2
|
| Top of the 6th over - 0 runs, 1 hit, 0 errors, 1 left on base; San Diego (APP) 8 - Bristol 2 |
| BOTTOM OF THE 6TH |
|
Bristol Pirates batting - Pitching for San Diego (APP) Padres : LHP David French
|
|
Batting: RHB Steve Terres
|
0-0: Ground out 3-1 (Groundball, 34S, EV 91.2 MPH)
|
|
Batting: RHB Rusty Trader
|
0-0: Called Strike 0-1: Foul Ball, location: 2F 0-2: Strikes out looking
|
|
Batting: RHB Ryan LeSueur
|
0-0: Hit by Pitch
|
|
Pitching: LHP Cory Watson
|
|
|
Batting: SHB Don Hauk
|
0-0: Called Strike 0-1: Ball 1-1: Ball 2-1: Foul Ball, location: 2F 2-2: Ball 3-2: SINGLE (Flyball, 3D, EV 94.4 MPH) Ryan LeSueur to second Ryan LeSueur to third
|
|
Batting: RHB Chris Arroyo
|
0-0: DOUBLE (Flyball, 7LM, EV 108.1 MPH) Ryan LeSueur scores Don Hauk to third
|
|
Batting: RHB Melvin Durland
|
0-0: Ball 1-0: Foul Ball, location: 2F 1-1: Ball 2-1: Fly out, F7 (Flyball, 7D, EV 103.8 MPH)
|
| Bottom of the 6th over - 1 run, 2 hits, 0 errors, 2 left on base; San Diego (APP) 8 - Bristol 3 |
| TOP OF THE 7TH |
|
San Diego (APP) Padres batting - Pitching for Bristol Pirates : LHP Adam Clarke
|
|
Batting: RHB Devon Dill
|
0-0: Ball 1-0: Foul Ball, location: 2F 1-1: Foul Ball, location: 2F 1-2: Foul Ball, location: 2F 1-2: Ball 2-2: Ball 3-2: SINGLE (Groundball, 6MD, EV 102.5 MPH)
|
|
Batting: LHB Justin Daley
|
0-0: Ball 1-0: Ball 2-0: Called Strike 2-1: Ball 3-1: Fly out, F9 (Flyball, 9S, EV 78.8 MPH)
|
|
Batting: RHB Alex Collazo
|
0-0: Ball 1-0: Called Strike 1-1: DOUBLE (Line Drive, 78D, EV 106.2 MPH) Devon Dill to third Runner from 3rd tries for Home, throw by CF and OUT! 8-6-2
|
|
Batting: LHB Ramon Padilla
|
0-0: Foul Ball, location: 2F 0-1: Called Strike 0-2: Strikes out looking
|
| Top of the 7th over - 0 runs, 2 hits, 0 errors, 1 left on base; San Diego (APP) 8 - Bristol 3 |
| BOTTOM OF THE 7TH |
|
Bristol Pirates batting - Pitching for San Diego (APP) Padres : LHP Cory Watson
|
|
Batting: SHB Ronnie Brooks
|
0-0: Fly out, F8 (Flyball, 8RD, EV 96.2 MPH)
|
|
Batting: LHB Josh Aerni
|
0-0: Ball 1-0: Ball 2-0: Fly out, F8 (Flyball, 8RD, EV 96.9 MPH)
|
|
Batting: RHB Ricky Alvarado
|
0-0: Ball 1-0: Ground out 3-1 (Groundball, 34S, EV 88.8 MPH)
|
| Bottom of the 7th over - 0 runs, 0 hits, 0 errors, 0 left on base; San Diego (APP) 8 - Bristol 3 |
| TOP OF THE 8TH |
|
San Diego (APP) Padres batting - Pitching for Bristol Pirates : LHP Adam Clarke
|
|
Batting: LHB Lu-po-teh Zhou
|
0-0: Called Strike 0-1: Ball 1-1: Ball 2-1: Foul Ball, location: 2F 2-2: Foul Ball, location: 2F 2-2: Ground out 4-3 (Groundball, 4, EV 85.6 MPH)
|
|
Batting: SHB Yu-hsui Lew
|
0-0: Ball 1-0: Called Strike 1-1: Foul Ball, location: 2F 1-2: Strikes out swinging
|
|
Batting: RHB Elias Vences
|
0-0: Called Strike 0-1: Foul Ball, location: 2F 0-2: Ball 1-2: Foul Ball, location: 2F 1-2: Strikes out swinging
|
| Top of the 8th over - 0 runs, 0 hits, 0 errors, 0 left on base; San Diego (APP) 8 - Bristol 3 |
| BOTTOM OF THE 8TH |
|
Bristol Pirates batting - Pitching for San Diego (APP) Padres : LHP Cory Watson
|
|
Batting: RHB Steve Terres
|
0-0: Ball 1-0: Ball 2-0: Ground out 4-3 (Groundball, 4, EV 103.8 MPH)
|
|
Batting: RHB Rusty Trader
|
0-0: Ball 1-0: Foul Ball, location: 2F 1-1: Fly out, F9 (Flyball, 9, EV 89.4 MPH)
|
|
Batting: RHB Ryan LeSueur
|
0-0: Ball 1-0: Foul Ball, location: 2F 1-1: Called Strike 1-2: Foul Ball, location: 2F 1-2: Ball 2-2: Ball 3-2: Base on Balls
|
|
Batting: SHB Don Hauk
|
0-0: Ball 1-0: Called Strike 1-1: Foul Ball, location: 2F 1-2: SINGLE (Groundball, 56D, EV 96.9 MPH) Ryan LeSueur to second
|
|
Batting: RHB Chris Arroyo
|
0-0: Called Strike 0-1: Ball 1-1: Called Strike 1-2: Ball 2-2: Ball 3-2: Base on Balls Ryan LeSueur to third Don Hauk to second
|
|
Pitching: RHP Dave Waterman
|
|
|
Batting: RHB Melvin Durland
|
0-0: Called Strike 0-1: Called Strike 0-2: Ball 1-2: Foul Ball, location: 2F 1-2: Foul Ball, location: 2F 1-2: Foul Ball, location: 2F 1-2: Ball 2-2: Strikes out swinging
|
| Bottom of the 8th over - 0 runs, 1 hit, 0 errors, 3 left on base; San Diego (APP) 8 - Bristol 3 |
| TOP OF THE 9TH |
|
San Diego (APP) Padres batting - Pitching for Bristol Pirates : LHP Adam Clarke
|
|
Pitching: RHP Francisco Santos
|
|
|
Batting: RHB Victor Contreras
|
0-0: Foul Ball, location: 2F 0-1: Foul Ball, location: 2F 0-2: Ball 1-2: SOLO HOME RUN (Flyball, 78XD, EV 99.4 MPH), Distance : 402 ft
|
|
Batting: RHB Yuusei Narita
|
0-0: Called Strike 0-1: Called Strike 0-2: Ball 1-2: Ball 2-2: SINGLE (Line Drive, 6MD, EV 100.0 MPH)
|
|
Batting: RHB Devon Dill
|
0-0: Swinging Strike 0-1: Foul Ball, location: 2F 0-2: Foul Ball, location: 2F 0-2: Foul Ball, location: 2F 0-2: Ball 1-2: Ball 2-2: Ball 3-2: SINGLE (Line Drive, 34D, EV 97.5 MPH) Yuusei Narita to second Runner from 2nd tries for 3rd, SAFE, no throw by RF
|
|
Batting: LHB Justin Daley
|
0-0: Called Strike 0-1: Foul Ball, location: 2F 0-2: Strikes out looking
|
|
Batting: RHB Alex Collazo
|
0-0: Ball 1-0: Ball 2-0: Ball 3-0: Base on Balls Devon Dill to second
|
|
Batting: LHB Ramon Padilla
|
0-0: Called Strike 0-1: Called Strike 0-2: Strikes out swinging
|
|
Batting: LHB Lu-po-teh Zhou
|
0-0: Foul Ball, location: 2F 0-1: Ball 1-1: Ball 2-1: Ball 3-1: Base on Balls Yuusei Narita scores Devon Dill to third Alex Collazo to second
|
|
Batting: SHB Yu-hsui Lew
|
0-0: Foul Ball, location: 2F 0-1: Ball 1-1: Ball 2-1: Ball 3-1: SINGLE (Groundball, 25, EV 77.5 MPH) (infield hit) Devon Dill scores Alex Collazo to third Lu-po-teh Zhou to second
|
|
Batting: RHB Elias Vences
|
0-0: Called Strike 0-1: Foul Ball, location: 2F 0-2: Ball 1-2: Ball 2-2: Foul Ball, location: 2F 2-2: Fly out, F7 (Line Drive, 78M, EV 86.2 MPH)
|
| Top of the 9th over - 3 runs, 4 hits, 0 errors, 3 left on base; San Diego (APP) 11 - Bristol 3 |
| BOTTOM OF THE 9TH |
|
Bristol Pirates batting - Pitching for San Diego (APP) Padres : RHP Dave Waterman
|
|
Batting: SHB Ronnie Brooks
|
0-0: Fly out, F8 (Flyball, 8LD, EV 107.5 MPH)
|
|
Pinch Hitting: RHB Erik Mulligan
|
0-0: Ball 1-0: Ground out 5-3 (Groundball, 56, EV 87.5 MPH)
|
|
Batting: RHB Ricky Alvarado
|
0-0: Ball 1-0: Fly out, F8 (Flyball, 8RD, EV 84.4 MPH)
|
| Bottom of the 9th over - 0 runs, 0 hits, 0 errors, 0 left on base; San Diego (APP) 11 - Bristol 3 |
|